 Dungeon Crawl Stone Soup version 0.21.1-1-g345015f (webtiles) character file.

14 Figureslego113 the Skirmisher (level 2, -4/25 HPs)
             Began as a Formicid Abyssal Knight on May 19, 2018.
             Was a Follower of Lugonu.
             Slain by Natasha (6 damage)
             ... on level 2 of the Dungeon.
             The game lasted 00:03:44 (312 turns).

Figureslego113 the Skirmisher (FoAK)                 Turns: 312, Time: 00:03:45

Health: -4/25      AC:  3    Str: 16    XL:     2   Next: 55%
Magic:  3/3        EV: 11    Int: 11    God:    Lugonu [*.....]
Gold:   0          SH:  0    Dex: 10    Spells: 1/1 levels left

rFire    . . .     SeeInvis +   a - +1 short sword
rCold    . . .     Gourm    .   (no shield)
rNeg     . . .     Faith    .   b - +0 leather armour
rPois    .         Spirit   .   (helmet unavailable)
rElec    .         Reflect  .   (no cloak)
rCorr    .         Harm     .   (no gloves)
MR       .....                  (no boots)
Stlth    +.........             (no amulet)
HPRegen  0.08/turn              (no ring)
MPRegen  0.08/turn              (no ring)

@: no status effects
A: permanent stasis, dig shafts and tunnels, four strong arms, antennae 3
a: Dig, Shaft Self, Depart the Abyss, Renounce Religion


You were on level 2 of the Dungeon.
You worshipped Lugonu.
Lugonu was aware of your devotion.
You were not hungry.

You visited 1 branch of the dungeon, and saw 2 of its levels.
You visited the Abyss 1 time.

Inventory:

Hand Weapons
 a - a +1 short sword (weapon)
Armour
 b - a +0 leather armour (worn)
Scrolls
 e - a scroll of magic mapping {unknown}
 f - a scroll of fog {unknown}
 g - a scroll of enchant armour {unknown}
 h - 2 scrolls of random uselessness {unknown}
 i - a scroll of enchant weapon {unknown}
 j - a scroll of teleportation {unknown}
Potions
 d - 4 potions of curing {unknown}
Comestibles
 c - 2 rations


   Skills:
 + Level 3.7 Fighting
 + Level 2.1 Short Blades
 + Level 2.2 Armour
 + Level 1.1 Dodging
 + Level 2.3 Invocations


You had one spell level left.
You didn't know any spells.

Dungeon Overview and Level Annotations

Branches:
Dungeon (1/15)

Altars:

Annotations:
D:2 Natasha


Innate Abilities, Weirdness & Mutations

You cannot be hasted, slowed, berserked, paralysed or teleported.
You can dig through walls and to a lower floor.
Your four strong arms can wield two-handed weapons with a shield.
You have a pair of large antennae on your head. (SInv)


Message History

A ball python comes into view.
The ball python hisses angrily.
Natasha, Servant of Life and Death comes into view.
Natasha hisses angrily.
The ball python barely misses you. x2
You puncture the ball python!
You kill the ball python!
Lugonu accepts your kill.
You barely miss Natasha. Natasha claws you.
You hit Natasha but do no damage. Natasha claws you!
You hit Natasha.
Natasha is lightly wounded.
Natasha claws you.
You barely miss Natasha.
Natasha is lightly wounded.
Natasha casts a spell at you. The magic dart hits you!
* * * LOW HITPOINT WARNING * * *
Natasha claws you.
You die...

..# # ..## #. .... #.
..#.## #.#+#+##..#..#
. #.............
..#.#..........#
.........h@....#.
..................
..............#...#
..............#...##
#+##..#+#'###.#....#
.........##+#....####
.......#.............
.##..#.#.........#.#
....#.#...........##


You could see Natasha.

Vanquished Creatures
  A bat (D:1)
  A giant cockroach (D:1)
  A goblin (D:1)
  3 hobgoblins (D:1)
  A ball python (D:2)
  2 frilled lizards
  3 kobolds (D:1)
  2 rats (D:1)
14 creatures vanquished.

Notes
Turn   | Place    | Note
-------+----------+-------------------------------------------
     0 | Abyss:1  | Figureslego113 the Formicid Abyssal Knight began the quest for the Orb.
     0 | Abyss:1  | Reached XP level 1. HP: 18/18 MP: 2/2
     2 | D:1      | Escaped the Abyss
   105 | D:1      | Reached XP level 2. HP: 20/24 MP: 3/3
   173 | D:1      | Reached skill level 1 in Dodging
   217 | D:1      | Reached * piety under Lugonu
   277 | D:1      | You fall through a shaft!
   303 | D:2      | Noticed Natasha
   312 | D:2      | Slain by Natasha

Skill      XL: |  1  2 |
---------------+-------+-----
Dodging        | 1 |  1.1
Fighting       | |  3.7
Short Blades   | |  2.1
Armour         | |  2.2
Invocations    | |  2.3

Action                   || total
-------------------------++-------
Melee: Short sword       ||    35
Invok: Depart the Abyss  ||     1
 Abil: Dig               ||    10
       Shaft Self        ||     1
Armor: Leather armour    ||    19
Dodge: Dodged            ||    29
